Map: 乌雷纳

Players

平步青云 - Winner!

  • Race: Terran Terran

电脑难度(简单)

  • Race: Zerg Zerg

VOD

Have the link to the VOD?

Description

Time

  • Played on: Dec. 26, 2015, 8:38 a.m.
  • Length: 13:01
Show
View Real Time Build Order
Export as new Build Order

平步青云 Terran - Winner!

Build Orders:  

Get SALT Encoding   

  12  0:00  SCV  
  13  0:13  SCV  
  14  0:21  Supply Depot  
  14  0:27  SCV  
  15  0:43  SCV  
  16  0:52  Barracks  
  16  0:55  SCV  
  17  1:00  Refinery  
  17  1:07  SCV  
  18  1:19  SCV  
  19  1:31  SCV  
  20  1:39  Refinery  
  20  1:44  SCV  
  21  1:56  SCV, Marine  
  21  1:59  Command Center  
  23  2:18  Supply Depot  
  23  2:23  Orbital Command  
  23  2:33  Barracks Tech Lab  
  23  2:39  Factory  
  23  2:41  Supply Depot  
  23  2:49  SCV  
  24  2:57  Reaper  
  25  3:01  SCV  
  26  3:12  SCV  
  27  3:13  SCV  
  28  3:24  SCV  
  28  3:25  SCV  
  30  3:27  Factory Tech Lab  
  30  3:36  SCV  
  30  3:37  SCV, Starport  
  32  3:48  SCV  
  32  3:49  SCV  
  32  3:54  Supply Depot  
  34  4:00  SCV  
  35  4:06  SCV  
  36  4:13  SCV  
  36  4:15  Refinery  
  37  4:17  Supply Depot  
  37  4:18  Engineering Bay  
  37  4:23  Marine  
  38  4:27  Siege Tank  
  38  4:31  Starport Tech Lab  
  41  4:36  SCV  
  42  4:41  Marine  
  42  4:48  SCV  
  43  4:56  Banshee  
  43  4:59  Marine  
  47  5:00  SCV  
  48  5:09  Missile Turret  
  48  5:12  SCV  
  49  5:16  Marine  
  50  5:23  Armory  
  50  5:24  SCV  
  49  5:57  Refinery  
  49  6:04  SCV  
  50  6:11  Supply Depot  
  50  6:16  SCV  
  51  6:19  Marine  
  51  6:23  Siege Tank  
  55  6:32  Cloaking Field  
  55  6:34  Supply Depot  
  55  6:37  Marine  
  56  6:44  Stimpack  
  56  6:55  Marine  
  57  7:13  Marine  
  58  7:26  Siege Tank  
  58  7:28  Medivac  
  63  8:02  Orbital Command  
  63  8:06  Marauder  
  65  8:21  Banshee  
  68  8:27  Marauder  
  67  8:49  Marauder  
  67  8:55  Siege Tank  
  72  9:04  Medivac  
  72  9:09  Marine  
  74  9:11  Supply Depot  
  75  9:24  Barracks  
  75  9:27  Siege Tank, Marine  
  79  9:34  Supply Depot  
  79  9:57  Supply Depot  
  74  10:45  Marine  
  74  10:47  Siege Tank  
  78  11:00  Medivac  
  78  11:03  Marine  
  81  11:08  Barracks Reactor  
  81  11:21  Marauder  
  83  11:42  Marauder  
  85  11:50  Marine x2  
  89  12:25  Marauder  
Show
View Real Time Build Order
Export as new Build Order

电脑难度(简单) Zerg 

Build Orders: Pool First 

Get SALT Encoding   

  12  0:00  Drone  
  13  0:12  Overlord  
  13  0:17  Drone  
  14  0:30  Drone  
  14  0:34  Drone  
  16  0:42  Spawning Pool  
  15  0:44  Drone  
  15  0:48  Extractor  
  15  0:50  Drone  
  16  0:58  Overlord  
  16  1:30  Queen  
  16  1:31  Zergling x2  
  19  1:33  Roach Warren  
  19  1:35  Extractor  
  19  1:36  Drone  
  18  1:42  Drone, Zergling x2  
  20  2:05  Overlord  
  20  2:13  Roach  
  22  2:19  Drone  
  23  2:24  Drone  
  24  2:35  Drone  
  27  2:37  Roach  
  27  2:39  Drone  
  27  2:44  Drone  
  29  2:48  Drone  
  30  2:57  Overlord  
  30  3:09  Roach  
  32  5:11  Lair, Drone  
  32  5:12  Overlord, Roach  
  35  5:16  Drone  
  35  5:20  Drone  
  37  5:24  Drone  
  38  5:29  Hatchery  
  38  5:30  Drone  
  37  5:38  Zergling x2  
  31  5:57  Roach  
  33  6:09  Overseer x2  
  33  6:12  Hydralisk Den  
  33  6:16  Roach  
  34  6:36  Roach  
  36  6:42  Drone  
  36  6:46  Drone  
  38  6:51  Drone, Extractor  
  38  6:54  Hydralisk  
  38  6:55  Drone  
  38  6:56  Extractor  
  38  6:59  Drone  
  41  7:04  Drone  
  41  7:08  Drone  
  43  7:12  Drone  
  43  7:14  Hydralisk  
  46  7:17  Drone  
  46  7:21  Drone  
  48  7:25  Drone  
  50  7:30  Drone  
  50  7:34  Drone  
  51  7:38  Drone  
  51  7:42  Drone  
  51  7:44  Overlord  
  53  7:47  Drone  
  55  7:51  Drone  
  55  7:55  Drone  
  56  8:00  Drone  
  56  8:04  Drone  
  58  8:08  Drone  
  60  8:12  Drone  
  60  8:14  Overlord  
  60  8:17  Drone  
  61  8:21  Drone  
  61  8:25  Drone  
  63  8:37  Drone  
  63  8:46  Drone  
  61  9:54  Pneumatized Carapace  
  61  9:55  Overseer  
  61  9:56  Overlord, Roach  
  61  9:57  Evolution Chamber  
  62  10:11  Roach  
  57  10:25  Zerg Melee Weapons Level 1  
  57  10:27  Zergling x2  
  52  10:29  Infestation Pit  
  51  10:37  Overlord  
  51  10:43  Roach  
  51  10:47  Hatchery  
  52  10:59  Roach  
  54  11:05  Hive  
  54  11:14  Roach  
  56  11:30  Roach  
  58  11:45  Infestor  
  60  11:59  Drone  
  61  12:02  Roach  
  61  12:03  Drone  
  61  12:07  Drone, Extractor  
  61  12:08  Spire  
  42  12:12  Drone  
  37  12:16  Drone, Hydralisk  
  37  12:21  Drone  
  34  12:25  Drone  
  34  12:29  Drone  
  33  12:30  Zergling x2  
  33  12:34  Drone  
  30  12:38  Drone  
  30  12:42  Drone  
  26  12:47  Drone  
Tags
 
Matchup
TvZ
Opening
Pool First
Replay Pack
中心协议 (3)
Add a new tag
Caveats
  • Supply blocks, unpowered buildings, or Contaminate may cause inaccurate times.
  • Supply counts are checked every 10 seconds.